 Dungeon Crawl Stone Soup version 0.29.0-4-gdea44cf6ec (webtiles) character file.

Game seed: 12129770228598015501

27 qw the Chopper (level 3, -1/21 HPs)
             Began as a Tengu Warper on Aug 28, 2022.
             Slain by a gnoll
             ... wielding a +0 whip
              (6 damage)
             ... on level 2 of the Dungeon.
             The game lasted 00:00:07 (637 turns).

qw the Chopper (Tengu Warper)                        Turns: 637, Time: 00:00:07

Health: -1/21      AC:  3    Str: 13    XL:     3   Next: 10%
Magic:  7/7        EV: 12    Int: 13    God:
Gold:   58         SH:  0    Dex: 13    Spells: 6/6 levels left

rFire   . . .      SeeInvis .   Y - +0 hand axe
rCold   . . .      Faith    .   (no shield)
rNeg    . . .      Spirit   .   b - +0 leather armour
rPois   .          Reflect  .   (helmet restricted)
rElec   .          Harm     .   (no cloak)
rCorr   .          Rampage  .   (no gloves)
Will    .....                   (boots unavailable)
Stlth   +.........              (no amulet)
HPRegen 0.07/turn               (no ring)
MPRegen 0.10/turn               (no ring)

@: no status effects
A: beak, talons 3
a: no special abilities


You were on level 2 of the Dungeon.
You visited 1 branch of the dungeon, and saw 2 of its levels.

You collected 58 gold pieces.


Innate Abilities, Weirdness & Mutations

You have a beak for a mouth.
You have claws for feet.


   Skills:
 - Level 2.0 Fighting
 + Level 3.8 Axes
 - Level 1.0 Throwing
 - Level 1.1 Armour
 - Level 2.1 Dodging
 - Level 2.0 Spellcasting
 - Level 2.4 Translocations


You had 6 spell levels left.
You didn't know any spells.
Your spell library contained the following spells:

 Spells                   Type           Power      Damage    Failure   Level
 Blink                    Tloc           14%        N/A       19%         2
 Gell's Gravitas          Tloc           7%         N/A       36%         3
 Lesser Beckoning         Tloc           7%         N/A       36%         3
 Teleport Other           Tloc           7%         N/A       36%         3
 Manifold Assault         Tloc           7%         N/A       98%         5

Inventory:

Hand Weapons
 c - a +0 flail
 Y - a +0 hand axe (weapon)
Armour
 b - a +0 leather armour (worn)
Scrolls
 a - a scroll of identify
Potions
 f - a potion of heal wounds {unknown}
 h - a potion of curing {unknown}
 k - a potion of haste {unknown}
 l - a potion of lignification {unknown}

Dungeon Overview and Level Annotations

Branches:
Dungeon (2/15)

Altars:
Vehumet

Shops:
D:1 [?:


Message History

You barely miss the kobold. Your kick misses the kobold. You peck the kobold.
You kill the kobold!
You now have 51 gold pieces (gained 9).
You now have 58 gold pieces (gained 7).
Found a stone staircase leading down.
Found a hand axe.
c - a +0 flail A gnoll comes into view. It is wielding a +0 flail.
Enter note: A gnoll comes into view. It is wielding a +0 whip.
The gnoll shouts!
A hobgoblin comes into view.
627 ||| Stepping ~*~*~tactically~*~*~ (stealth).
629 ||| DROPPING +0 mace.
You drop a +0 mace.
You barely miss the gnoll. You claw the gnoll, but do no damage.
Your peck misses the gnoll. The gnoll closely misses you.
You hit the gnoll. You claw the gnoll. You peck the gnoll, but do no damage.
The gnoll is almost dead.
The gnoll hits you with a +0 flail.
You hit the gnoll but do no damage. You claw the gnoll, but do no damage.
You peck the gnoll.
The gnoll is almost dead.
The gnoll hits you with a +0 flail!
Ouch! That really hurt!
634 ||| Stepping ~*~*~tactically~*~*~ (stealth).
You closely miss the gnoll. You claw the gnoll.
You kill the gnoll!
You have reached level 3!
Your experience leads to an increase in your attributes!
Increase (S)trength, (I)ntelligence, or (D)exterity?
You feel stronger. x2
You barely miss the gnoll. You claw the gnoll. You peck the gnoll.
The gnoll is moderately wounded.
The gnoll misses you.
You hit the gnoll but do no damage.
The gnoll is moderately wounded.
A gnoll comes into view. It is wielding a +0 club.
The gnoll barely misses you. The gnoll hits you with a +0 whip.
You die...

#g....# #..# #....g.
#######.### .......
#....##...# .......##
#....####.#
........###...)####.#
..g...............#.##
#.###....##....# #g#
#....###...#
#@###....# #...#
#....##### #...#
####.# #...#
...#####.## #.>.#
..........# #...#
...#####..# ##### ##.#
###


You could see 2 gnolls.

Vanquished Creatures
  A gnoll (D:2)
  5 endoplasms
  2 giant cockroaches (D:1)
  A goblin (D:1)
  A hobgoblin (D:1)
  A quokka (D:2)
  2 bats (D:1)
  A kobold (D:2)
  2 rats (D:1)
16 creatures vanquished.

Notes
Turn   | Place    | Note
-------+----------+-------------------------------------------
     0 | D:1      | qw the Tengu Warper began the quest for the Orb.
     0 | D:1      | Reached XP level 1. HP: 12/12 MP: 4/4
     0 | D:1      | 0 ||| qw: Version: 0.1-a-89-g26bdef1
     0 | D:1      | 0 ||| qw: Game counter: 3268
     0 | D:1      | 0 ||| qw: Always use a shield: true
     0 | D:1      | 0 ||| qw: God list: Okawaru
     0 | D:1      | 0 ||| qw: Allow faded altars: false
     0 | D:1      | 0 ||| qw: Do Orc after D:15 true
     0 | D:1      | 0 ||| qw: Do second Lair branch before Depths: true
     0 | D:1      | 0 ||| qw: Lair rune preference: random
     0 | D:1      | 0 ||| qw: Plans: Normal
     0 | D:1      | 0 ||| PLANNING D:1-11
    16 | D:1      | Found Cunnar's Magic Scroll Shoppe.
    99 | D:1      | 99 ||| SHOPLISTING scroll of enchant armour (82 gold, have
                  | 11).
    99 | D:1      | 99 ||| SHOPLISTING scroll of identify (22 gold, have 11).
    99 | D:1      | 99 ||| SHOPLISTING scroll of teleportation (33 gold, have
                  | 11).
   129 | D:1      | Found Zelug's Antique Armour Emporium.
   141 | D:1      | 141 ||| SHOPLISTING chain mail (99 gold, have 20).
   141 | D:1      | 141 ||| SHOPLISTING glowing ring mail (154 gold, have 20).
   141 | D:1      | 141 ||| SHOPLISTING ring mail (88 gold, have 20).
   141 | D:1      | 141 ||| SHOPLISTING transparent robe (125 gold, have 20).
   214 | D:1      | Reached skill level 3 in Axes
   214 | D:1      | Reached XP level 2. HP: 17/17 MP: 6/6
   423 | D:1      | Found Jaogumn's Book Shoppe.
   481 | D:1      | 481 ||| READING scroll labelled SUG HIUPUK.
   482 | D:1      | 482 ||| READING scroll labelled TEWKEI TU ERCHA.
   483 | D:1      | 483 ||| DRINKING 2 ruby potions.
   484 | D:1      | 484 ||| DRINKING 2 glowing puce potions.
   485 | D:1      | 485 ||| DROPPING scroll of blinking.
   486 | D:1      | 486 ||| DROPPING potion of flight.
   487 | D:1      | 487 ||| DROPPING potion of brilliance.
   506 | D:2      | Found a radiant altar of Vehumet.
   627 | D:2      | 627 ||| Stepping ~*~*~tactically~*~*~ (stealth).
   629 | D:2      | 629 ||| DROPPING +0 mace.
   633 | D:2      | HP: 4/17 [gnoll/+0 flail (10)]
   634 | D:2      | 634 ||| Stepping ~*~*~tactically~*~*~ (stealth).
   636 | D:2      | Reached XP level 3. HP: 5/21 MP: 7/7
   637 | D:2      | Slain by a gnoll

Levels and vault maps discovered:
D:1:      scummos_arrival_simple_crosswalls, layout_rooms, serial_shops,
          nicolae_shop_statue_plus, nicolae_shop_crystal,
          nicolae_lakefront_shop, minivault_25
D:2:      layout_rooms, basic_altar, ebering_ecumenical_altar_box

Skill      XL: |  1 |
---------------+----+-----
Axes           | 3 |  3.8
Fighting       | |  2.0
Throwing       | |  1.0
Armour         | |  1.1
Dodging        | |  2.1
Spellcasting   | |  2.0
Translocations | |  2.4

Action                   || total
-------------------------++-------
Melee: Hand axe          ||    33
       Kick              ||    11
       Peck              ||     5
Throw: Boomerang         ||     7
  Use: Scroll            ||     2
       Potion            ||     2
Armor: Leather armour    ||     5
Dodge: Dodged            ||    10

Table legend:
 A = Non-vault XP
 B = Vault XP
 C = Vault XP percentage of total XP
 D = Non-vault monster count
 E = Vault monster count
 F = Vault count percentage of total count
                 A         B        C        D         E       F
            +---------+---------+-------+---------+---------+-------
      Total |      39 |       0 |   0.0 |      16 |       0 |   0.0
            +---------+---------+-------+---------+---------+-------
        D:1 |      20 |       0 |   0.0 |      12 |       0 |   0.0
        D:2 |      19 |       0 |   0.0 |       4 |       0 |   0.0
            +---------+---------+-------+---------+---------+-------
